Map: Magannatha LE

Players

KimChiLoVer - Winner!

  • Race: Terran Terran
  • League: Diamond
  • Spawn Location: 5:00

Stabe

  • Race: Zerg Zerg
  • League: Diamond
  • Spawn Location: 11:00

VOD

Have the link to the VOD?

Description

Time

  • Played on: Aug. 29, 2025, 10:59 p.m.
  • Length: 12:49
Show
View Real Time Build Order
Export as new Build Order

KimChiLoVer Terran - Winner!

Build Orders: Reaper Expand 

Get SALT Encoding   

  12  0:00  SCV  
  13  0:12  SCV  
  14  0:17  Supply Depot  
  14  0:24  SCV  
  15  0:39  SCV  
  15  0:41  Barracks  
  16  0:45  Refinery  
  16  0:52  SCV  
  17  1:04  SCV  
  18  1:16  SCV  
  19  1:29  Orbital Command, Reaper  
  20  1:39  Command Center  
  20  1:51  Supply Depot  
  20  1:55  SCV  
  21  2:05  Barracks Reactor  
  21  2:24  Factory  
  21  2:25  SCV, Refinery  
  22  2:37  SCV, Supply Depot  
  23  2:49  SCV  
  23  2:53  Orbital Command  
  23  2:59  Marine x2  
  23  3:01  SCV  
  23  3:04  Supply Depot  
  26  3:07  Supply Depot  
  26  3:09  Factory Tech Lab  
  26  3:17  SCV  
  26  3:18  Armory  
  27  3:22  Starport  
  27  3:29  SCV  
  28  3:36  Hellion x2  
  28  3:41  SCV  
  33  3:42  Supply Depot  
  33  3:45  SCV  
  34  3:53  SCV  
  35  4:02  Medivac, Marine  
  37  4:04  Hellion x2  
  42  4:10  SCV  
  42  4:13  Supply Depot  
  42  4:14  Refinery  
  42  4:16  Refinery  
  43  4:17  Terran Vehicle And Ship Armor Level 1  
  43  4:22  SCV  
  44  4:26  Hellion x2  
  44  4:27  Marine  
  49  4:33  Fusion Core  
  49  4:35  SCV  
  50  4:41  SCV  
  51  4:47  SCV  
  51  4:50  Hellion  
  51  4:52  Hellion  
  56  4:53  SCV  
  56  4:54  Marine  
  56  4:59  Medivac, SCV  
  61  5:05  SCV  
  62  5:11  SCV  
  62  5:12  Hellion, Marine  
  62  5:14  Hellion  
  68  5:17  SCV  
  69  5:21  Supply Depot  
  69  5:23  SCV  
  70  5:29  Barracks  
  70  5:30  Starport Tech Lab, Barracks, Marine  
  70  5:33  SCV  
  70  5:35  SCV  
  73  5:45  SCV  
  73  5:47  SCV  
  73  5:48  Marine  
  76  5:55  Hellion x2  
  76  5:56  Battlecruiser  
  86  5:58  SCV  
  86  5:59  SCV  
  88  6:13  Marine  
  89  6:21  Barracks Tech Lab, Barracks Reactor  
  89  6:30  Marine  
  90  6:39  Marine  
  77  6:48  Marine  
  70  6:57  Marine  
  70  6:58  Marine x2  
  70  7:00  Battlecruiser  
  70  7:01  Stimpack  
  79  7:02  Terran Vehicle And Ship Armor Level 2  
  79  7:06  Marine  
  80  7:15  Marine  
  80  7:16  Marine x2  
  80  7:17  SCV, Command Center  
  80  7:19  Barracks  
  80  7:20  Factory Tech Lab  
  84  7:24  Marine  
  84  7:29  SCV  
  86  7:33  Marine  
  86  7:34  Marine x2  
  89  7:42  Marine  
  90  7:51  Marine x3  
  91  7:59  Marine  
  92  8:09  Marine x2  
  92  8:11  Marine  
  87  8:17  Marine  
  74  8:34  Orbital Command  
  74  8:37  Siege Tank  
  74  8:39  Marine x2  
  74  8:40  Marine x2  
  81  8:41  Combat Shield  
  81  8:50  Barracks x2  
  81  8:52  Barracks Reactor, Engineering Bay  
  81  8:53  Engineering Bay  
  81  8:55  Battlecruiser  
  87  8:59  Marine x5  
  92  9:06  SCV  
  92  9:09  Siege Tank  
  96  9:11  Supply Depot  
  96  9:12  Supply Depot  
  96  9:16  Marine  
  96  9:19  SCV  
  96  9:20  Terran Infantry Weapons Level 1, Terran Infantry Armor Level 1  
  96  9:21  Factory x2  
  96  9:23  Terran Vehicle And Ship Armor Level 3  
  98  9:35  Supply Depot  
  98  9:41  Siege Tank  
  98  9:43  Refinery  
  101  9:46  Barracks Tech Lab x2  
  101  9:48  Refinery  
  101  9:50  Marine  
  101  9:51  Marine x6  
  108  9:53  Weapon Refit  
  108  9:56  Supply Depot  
  108  9:57  Supply Depot  
  108  10:04  Orbital Command  
  108  10:09  Battlecruiser  
  108  10:10  Factory Tech Lab  
  108  10:11  Factory Tech Lab  
  108  10:12  Smart Servos  
  108  10:13  Siege Tank  
  117  10:16  Concussive Shells  
  117  10:17  Marauder x3, Marine x4  
  127  10:31  SCV x3  
  130  10:38  Marauder  
  130  10:39  Marauder  
  130  10:40  Marauder  
  130  10:42  Siege Tank  
  139  10:43  SCV  
  139  10:46  Siege Tank  
  139  10:47  Thor  
  149  10:55  Supply Depot x2  
  149  10:56  Supply Depot  
  149  11:04  Command Center  
  149  11:11  Starport  
  149  11:15  Starport  
  149  11:16  Marine x2  
  151  11:20  Marine x7  
  158  11:26  Siege Tank  
  161  11:34  Marine x2  
  161  11:37  Thor  
  161  11:38  Marine x4  
  173  11:50  Starport Reactor  
  173  11:58  Starport Reactor  
  173  12:15  Medivac, Marine x5  
  188  12:16  Hellion x2, Marauder x2  
Show
View Real Time Build Order
Export as new Build Order

Stabe Zerg 

Build Orders: Hatch First 

Get SALT Encoding   

  12  0:05  Drone  
  13  0:15  Drone  
  13  0:17  Overlord  
  13  0:21  Extractor  
  13  0:24  Drone  
  15  0:47  Hatchery  
  14  0:51  Drone x2  
  14  0:55  Drone  
  17  1:05  Extractor  
  16  1:18  Spawning Pool  
  15  1:19  Drone x2  
  15  1:23  Drone  
  18  1:34  Drone  
  19  1:44  Overlord  
  19  2:04  Queen  
  19  2:05  Queen  
  19  2:06  Zergling x2  
  24  2:09  Zergling x2  
  24  2:11  Metabolic Boost  
  25  2:16  Drone  
  25  2:18  Drone  
  25  2:22  Drone  
  26  3:15  Drone x6  
  32  3:29  Hatchery  
  32  3:33  Overlord  
  31  3:46  Roach Warren  
  30  3:51  Overlord x2, Evolution Chamber  
  30  3:52  Evolution Chamber, Extractor  
  30  3:53  Drone x4  
  30  3:54  Drone  
  30  3:55  Drone  
  33  4:06  Overlord  
  33  4:09  Queen  
  35  4:23  Zerg Missile Weapons Level 1  
  35  4:24  Zerg Ground Armor Level 1  
  35  4:33  Drone  
  36  4:41  Queen  
  38  4:46  Lair  
  38  4:50  Drone x6  
  38  4:51  Drone  
  45  5:00  Queen  
  47  5:13  Zergling x2  
  48  5:37  Roach x5  
  48  5:42  Roach x2  
  62  5:43  Glial Reconstitution  
  62  5:44  Roach  
  62  5:45  Roach  
  65  5:59  Evolution Chamber  
  65  6:00  Evolution Chamber  
  65  6:01  Evolution Chamber  
  62  6:07  Roach x2  
  67  6:19  Overlord x3  
  67  6:25  Overlord x2  
  67  6:32  Zerg Missile Weapons Level 2  
  67  6:33  Zerg Melee Weapons Level 1  
  63  6:42  Queen  
  63  6:43  Queen x2  
  63  6:44  Roach x3  
  63  6:46  Zergling x12  
  63  6:47  Zergling x2  
  74  7:00  Drone x7, Extractor  
  80  7:01  Extractor  
  80  7:07  Roach  
  81  7:10  Ravager  
  77  7:43  Spore Crawler  
  75  7:44  Spore Crawler  
  75  7:45  Spore Crawler  
  75  7:46  Spore Crawler  
  68  7:59  Queen x2  
  68  8:00  Queen  
  60  8:19  Roach x7  
  70  8:20  Roach x2  
  66  8:51  Queen x3  
  72  9:04  Spore Crawler  
  72  9:05  Drone x5  
  72  9:06  Spore Crawler  
  75  9:16  Zerg Ground Armor Level 2  
  75  9:24  Ravager  
  75  9:25  Ravager  
  77  9:32  Drone, Spire  
  77  9:35  Drone  
  78  9:40  Spore Crawler  
  77  9:56  Drone x2  
  77  9:57  Drone x6  
  85  10:08  Drone  
  85  10:09  Drone x3  
  85  10:12  Drone  
  90  10:14  Overlord  
  90  10:20  Overlord  
  90  10:24  Zerg Melee Weapons Level 2  
  90  10:29  Overlord  
  90  10:44  Corruptor x3  
  90  10:49  Drone x2  
  99  10:50  Drone  
  99  10:52  Drone x4  
  103  11:07  Corruptor x3  
  103  11:09  Zergling x6  
  112  11:12  Overlord  
  112  11:22  Infestation Pit  
  111  11:29  Roach  
  111  11:31  Overlord x2  
  113  11:34  Corruptor  
  113  11:35  Hatchery  
  113  11:37  Overlord  
  113  11:39  Overlord  
  114  11:53  Roach x6  
  114  11:54  Roach x2  
  130  12:03  Drone x4  
  130  12:04  Drone x3  
Tags
 
Add a new tag
Caveats
  • Supply blocks, unpowered buildings, or Contaminate may cause inaccurate times.
  • Supply counts are checked every 10 seconds.